Map: Dusk Towers

Players

Curry

  • Race: Zerg Zerg
  • League: Master

State - Winner!

  • Race: Protoss Protoss
  • League: Grandmaster

VOD

Have the link to the VOD?

Description

Time

  • Played on: Dec. 8, 2015, 8:53 p.m.
  • Length: 13:57
Show
View Real Time Build Order
Export as new Build Order

Curry Zerg 

Build Orders: Hatch First, Lurkers 

Get SALT Encoding   

  12  0:01  Drone  
  13  0:13  Overlord  
  13  0:20  Drone  
  14  0:31  Drone x2  
  16  0:36  Drone  
  17  0:52  Hatchery  
  17  0:55  Drone  
  17  0:58  Drone  
  17  1:02  Extractor  
  17  1:15  Spawning Pool  
  17  1:19  Drone x2  
  19  1:39  Hatchery  
  18  1:44  Drone  
  18  1:45  Drone  
  20  2:01  Queen  
  20  2:04  Queen  
  20  2:08  Drone  
  25  2:12  Drone  
  25  2:15  Drone x2  
  28  2:23  Overlord  
  28  2:41  Drone x4  
  32  2:45  Overlord  
  32  2:49  Drone  
  32  2:50  Extractor  
  32  2:51  Queen, Extractor  
  33  2:52  Drone  
  33  2:57  Drone  
  35  3:00  Drone  
  35  3:04  Drone  
  37  3:07  Drone  
  38  3:13  Drone  
  38  3:14  Drone x4  
  38  3:18  Drone x2  
  46  3:20  Drone  
  46  3:24  Overlord  
  46  3:26  Drone x2  
  48  3:37  Overlord  
  48  3:38  Lair  
  48  3:39  Drone  
  48  3:40  Drone  
  50  3:43  Drone x2  
  50  3:44  Zergling x4  
  50  3:46  Zergling x2  
  50  3:47  Zergling x2  
  56  3:49  Zergling x4  
  56  3:54  Extractor  
  57  3:58  Queen  
  57  4:00  Zergling x6  
  60  4:04  Metabolic Boost  
  59  4:10  Spore Crawler  
  59  4:12  Spore Crawler  
  59  4:15  Zergling x8  
  54  4:30  Zergling x6  
  55  4:33  Queen  
  55  4:47  Drone x2  
  55  4:51  Drone x5  
  55  4:52  Drone x2  
  60  4:56  Queen  
  62  5:05  Drone  
  62  5:06  Zergling x10  
  64  5:07  Spore Crawler  
  64  5:11  Zergling x2  
  64  5:13  Zergling x4  
  66  5:16  Zergling x2  
  66  5:23  Overlord  
  66  5:35  Extractor  
  65  5:36  Overlord  
  65  5:37  Overlord  
  65  5:38  Evolution Chamber, Roach Warren  
  63  5:43  Drone x7, Extractor  
  63  5:45  Drone x4, Extractor  
  66  5:59  Drone x3  
  66  6:03  Spore Crawler, Hydralisk Den  
  66  6:05  Drone x5  
  66  6:07  Zerg Missile Weapons Level 1  
  71  6:14  Overlord  
  71  6:31  Spore Crawler  
  70  6:33  Spore Crawler, Muscular Augments  
  70  6:37  Hydralisk x11  
  70  6:38  Hydralisk  
  90  6:47  Hydralisk x2  
  90  6:48  Hydralisk x2  
  90  6:53  Overlord  
  98  7:02  Overlord x4  
  98  7:13  Zergling x2  
  98  7:14  Zergling x14  
  106  7:22  Zergling x2  
  107  7:23  Zergling x8  
  111  7:36  Hatchery, Zergling x10  
  111  7:37  Zergling x2  
  115  7:58  Zergling x20  
  110  8:17  Hydralisk x6  
  110  8:18  Hydralisk x3  
  122  8:22  Lurker Den  
  114  8:30  Zergling x2  
  114  8:31  Zergling x8  
  97  8:46  Hydralisk x3  
  99  8:49  Queen  
  101  8:57  Hydralisk x7  
  101  9:00  Zergling x2  
  97  9:27  Queen  
  97  9:29  Roach  
  97  9:30  Roach x10  
  115  9:41  Zerg Missile Weapons Level 2  
  115  9:51  Lurker x12  
  115  9:52  Lurker  
  128  9:53  Lurker  
  128  9:57  Glial Reconstitution  
  129  10:05  Roach  
  129  10:06  Roach x3  
  120  10:20  Hydralisk x2  
  120  10:21  Hydralisk x5  
  134  10:30  Roach  
  134  10:32  Overlord x2  
  136  10:40  Extractor  
  124  10:58  Queen  
  115  11:15  Drone  
  115  11:16  Drone x7  
  121  11:25  Roach x2  
  125  11:26  Roach x10  
  140  11:46  Hydralisk x5  
  146  12:07  Hydralisk x6  
  139  12:25  Hydralisk  
  139  12:26  Hydralisk x3  
  144  12:39  Roach x3  
  116  13:00  Roach x3  
Show
View Real Time Build Order
Export as new Build Order

State Protoss - Winner!

Build Orders: 1 Gate Expand, Oracle Opening 

Get SALT Encoding   

  12  0:00  Probe (Chrono Boost)  
  13  0:11  Probe (Chrono Boost)  
  14  0:18  Pylon  
  14  0:22  Probe (Chrono Boost)  
  15  0:36  Probe (Chrono Boost)  
  15  0:37  Gateway  
  15  0:42  Assimilator  
  16  0:47  Probe (Chrono Boost)  
  17  0:57  Probe (Chrono Boost)  
  18  1:08  Probe (Chrono Boost)  
  19  1:18  Nexus  
  19  1:22  Probe (Chrono Boost)  
  20  1:32  Cybernetics Core  
  20  1:34  Probe (Chrono Boost)  
  21  1:45  Probe (Chrono Boost)  
  22  1:50  Gateway  
  22  1:55  Probe (Chrono Boost)  
  22  1:57  Pylon  
  23  2:02  Assimilator  
  23  2:05  Warp Gate  
  23  2:15  Zealot  
  25  2:17  Probe (Chrono Boost)  
  26  2:30  Stargate  
  26  2:32  Probe (Chrono Boost)  
  26  2:33  Probe (Chrono Boost)  
  28  2:43  Probe (Chrono Boost)  
  28  2:44  Probe (Chrono Boost)  
  30  2:49  Adept x2 (Chrono Boost)  
  34  2:53  Probe (Chrono Boost)  
  34  2:55  Probe (Chrono Boost)  
  36  3:03  Pylon  
  36  3:05  Probe  
  37  3:07  Probe  
  38  3:12  Oracle (Chrono Boost)  
  41  3:23  Probe x2  
  41  3:27  Adept x2 (Chrono Boost)  
  47  3:34  Pylon  
  47  3:35  Probe x2  
  49  3:46  Oracle  
  49  3:47  Probe  
  49  3:48  Probe  
  54  3:59  Probe  
  54  4:00  Probe  
  56  4:06  Adept x2 (Chrono Boost)  
  60  4:12  Probe x2  
  60  4:16  Nexus  
  62  4:24  Probe  
  61  4:33  Probe  
  61  4:36  Probe  
  61  4:38  Oracle  
  62  4:48  Pylon  
  62  4:51  Pylon  
  62  4:53  Probe x2 (Chrono Boost)  
  62  4:58  Twilight Council, Forge  
  60  5:02  Assimilator  
  60  5:04  Mothership Core (Chrono Boost)  
  60  5:07  Assimilator  
  62  5:08  Probe (Chrono Boost)  
  63  5:19  Probe (Chrono Boost)  
  62  5:22  Probe (Chrono Boost)  
  62  5:27  Resonating Glaives  
  61  5:29  Probe (Chrono Boost)  
  61  5:31  Probe (Chrono Boost)  
  61  5:33  Probe (Chrono Boost)  
  64  5:38  Probe (Chrono Boost), Zealot  
  64  5:41  Probe (Chrono Boost), Protoss Ground Weapons Level 1 (Chrono Boost)  
  68  5:43  Probe  
  68  5:47  Photon Cannon  
  68  5:48  Probe  
  69  5:53  Probe  
  69  5:55  Probe  
  68  5:59  Probe  
  68  6:01  Photon Cannon  
  68  6:03  Photon Cannon  
  69  6:06  Probe  
  69  6:07  Gateway, Probe  
  69  6:08  Gateway x2  
  69  6:09  Probe  
  69  6:10  Gateway  
  71  6:11  Gateway  
  71  6:12  Gateway  
  71  6:18  Probe, Robotics Facility  
  73  6:19  Probe  
  73  6:20  Probe  
  74  6:27  Pylon  
  74  6:30  Probe  
  74  6:31  Probe  
  74  6:32  Probe  
  77  6:44  Probe  
  77  6:45  Sentry x2  
  77  6:46  Probe  
  83  6:47  Assimilator  
  83  6:49  Assimilator  
  83  6:53  Robotics Facility  
  83  6:55  Forge  
  83  6:58  Probe, Pylon x2  
  83  7:00  Probe  
  85  7:03  Sentry  
  85  7:08  Blink  
  87  7:09  Probe  
  87  7:10  Probe, Pylon x2  
  87  7:12  Pylon  
  87  7:13  Warp Prism (Chrono Boost)  
  87  7:15  Protoss Ground Weapons Level 2 (Chrono Boost)  
  91  7:22  Gateway  
  91  7:25  Nexus  
  91  7:28  Protoss Ground Armor Level 1  
  91  7:30  Stalker x2  
  92  7:38  Stalker x6  
  104  7:53  Adept x2  
  102  8:05  Adept x5  
  112  8:11  Adept  
  104  8:18  Mothership Core  
  104  8:19  Adept x2  
  106  8:26  Adept  
  106  8:27  Adept x5  
  96  8:35  Adept  
  82  8:42  Adept  
  82  8:43  Adept  
  82  8:45  Warp Prism  
  82  8:46  Adept x3  
  82  8:47  Adept  
  82  8:48  Adept x2  
  98  8:57  Sentry  
  100  9:02  Nexus  
  100  9:05  Sentry x2  
  102  9:10  Stalker x5  
  102  9:11  Stalker  
  108  9:26  Stalker x3  
  114  9:32  Nexus  
  114  9:35  Pylon  
  114  9:36  Pylon  
  114  9:38  Pylon  
  114  9:48  Templar Archives, Protoss Ground Armor Level 2 (Chrono Boost), Observer, Protoss Ground Weapons Level 3 (Chrono Boost)  
  114  9:51  Probe  
  116  9:55  Adept x3  
  114  10:10  Probe, Robotics Facility  
  114  10:11  Robotics Bay  
  113  10:21  Stalker x4  
  119  10:27  Photon Cannon  
  121  10:36  Probe  
  122  10:45  Zealot x4  
  122  10:46  Adept x2, Zealot  
  130  11:08  Disruptor  
  126  11:14  Disruptor  
  126  11:19  Adept x5  
  130  11:40  Disruptor  
  129  11:49  Disruptor  
  129  11:51  Stalker x4  
  129  11:52  Stalker x5  
  150  11:56  Protoss Shields Level 1 (Chrono Boost)  
  130  12:15  Disruptor  
  118  12:17  Stalker  
  118  12:18  Stalker x3  
  125  12:25  Disruptor  
  128  12:32  Gateway  
  128  12:33  Gateway, Adept x5  
  132  12:49  Observer  
  122  12:53  Stalker x3  
  122  12:54  Stalker x4  
  135  13:02  Observer  
  102  13:28  Stalker x3  
  102  13:29  Stalker x2  
  102  13:30  Stalker x4  
Tags
 
Add a new tag
Caveats
  • Supply blocks, unpowered buildings, or Contaminate may cause inaccurate times.
  • Supply counts are checked every 10 seconds.